 Dungeon Crawl Stone Soup version 0.26-a0-800-g517d6fe721 (webtiles) character file.

Game seed: 7277005400383910212

12061 jalala the Quickloader (level 12, 77/77 HPs)
             Began as a Kobold Hunter on Nov 11, 2020.
             Was an Initiate of Gozag.
             Quit the game on level 1 of the Lair of Beasts.
             The game lasted 00:32:30 (18900 turns).

jalala the Quickloader (Kobold Hunter)             Turns: 18900, Time: 00:32:31

Health: 77/77      AC: 18    Str: 13    XL:     12   Next: 15%
Magic:  12/12      EV: 17    Int: 13    God:    Gozag
Gold:   1739       SH:  0    Dex: 16    Spells: 11/11 levels left

rFire    . . .     SeeInvis .   b - +0 dagger (elec)
rCold    + . .     Faith    .   (shield restricted)
rNeg     . . .     Spirit   .   B - +2 chain mail {rC+}
rPois    +         Reflect  .   u - +0 helmet
rElec    .         Harm     .   C - +0 cloak
rCorr    .         Rampage  .   (no gloves)
MR       .....                  q - +2 pair of boots {run}
Stlth    ..........             (no amulet)
HPRegen  0.22/turn              D - ring of poison resistance
MPRegen  0.13/turn              E - +4 ring of evasion

@: quick
A: small, nightstalker 3
a: Potion Petition, Call Merchant, Bribe Branch, Renounce Religion


You were on level 1 of the Lair of Beasts.
You worshipped Gozag.
Gozag was most pleased with you.
You visited 3 branches of the dungeon, and saw 14 of its levels.

You collected 1984 gold pieces.
You spent 172 gold pieces at shops.
You paid 73 gold pieces to Gozag.

Inventory:

Hand Weapons
 a - a +1 hand crossbow
 b - a +0 dagger of electrocution (weapon)
 s - a +1 dagger of venom
 N - a +0 arbalest
Missiles
 d - 162 bolts
 k - 71 poisoned darts (quivered)
Armour
 q - a +2 pair of boots of running (worn)
 u - a +0 helmet (worn)
 B - a +2 chain mail of cold resistance (worn)
 C - a +0 cloak (worn)
 L - a +2 scale mail of poison resistance
Jewellery
 e - an uncursed ring of flight
 D - a ring of poison resistance (left hand)
 E - a +4 ring of evasion (right hand)
Wands
 v - a wand of flame (22)
 F - a wand of acid (7)
 I - a wand of enslavement (9)
 K - a wand of paralysis (20)
Scrolls
 c - a scroll of blinking
 h - 4 scrolls of enchant weapon {unknown}
 j - 8 scrolls of remove curse
 p - 3 scrolls of teleportation
 y - 2 scrolls of enchant armour
 z - 2 scrolls of fear
 A - a scroll of fog {unknown}
 G - a scroll of magic mapping {unknown}
 J - a scroll of silence {unknown}
Potions
 f - 3 potions of ambrosia
 g - 2 potions of brilliance
 i - a potion of cancellation
 l - a potion of invisibility {unknown}
 m - 2 potions of might
 n - 3 potions of heal wounds
 o - 3 potions of curing
 r - 4 potions of flight
 t - 2 potions of magic
 w - a potion of degeneration {unknown}
 x - 4 potions of attraction
 H - 2 potions of mutation


   Skills:
 + Level 9.8 Fighting
 - Level 5.0 Short Blades
 * Level 13.3 Crossbows
 + Level 7.4 Armour
 + Level 9.6 Dodging
 - Level 1.3 Stealth


You had 11 spell levels left.
You didn't know any spells.
Your spell library contained the following spells:

 Spells                   Type           Power        Failure   Level
 Beastly Appendage        Tmut           #.....       100%        1
 Magic Dart               Conj           #...         100%        1
 Blink                    Tloc           N/A          100%        2
 Call Imp                 Summ           #.......     100%        2
 Slow                     Hex            #.......     100%        2
 Wereblood                Tmut           #.......     100%        2
 Confusing Touch          Hex            #.......     100%        3
 Conjure Flame            Conj/Fire      #.......     100%        3
 Gell's Gravitas          Tloc           #.........   100%        3
 Mephitic Cloud           Conj/Pois/Air  #.......     100%        3
 Spider Form              Tmut/Pois      #.........   100%        3
 Ice Form                 Ice/Tmut       #.......     100%        4
 Petrify                  Tmut/Erth      #.......     100%        4
 Blade Hands              Tmut           #.........   100%        5
 Metabolic Englaciation   Hex/Ice        #.........   100%        5
 Yara's Violent Unravell  Hex/Tmut       #.........   100%        5


Dungeon Overview and Level Annotations

Branches:
Dungeon (11/15)            Temple (1/1) D:5            Lair (2/6) D:10
  Swamp: Lair:2-4    Shoals: Lair:2-4     Snake: Lair:2-4    Spider: Lair:2-4
    Orc: D:9-12

Altars:
Ashenzari
Cheibriados
Dithmenos
Elyvilon
Fedhas
Gozag
Hepliaklqana
Kikubaaqudgha
Makhleb
Nemelex Xobeh
Okawaru
Qazlal
Ru
Sif Muna
Trog
Uskayaw
Vehumet
Wu Jian
Xom
Yredelemnul
Zin
The Shining One

Shops:
D:4 [   D:6 [

Annotations:
D:9 Gastronok


Innate Abilities, Weirdness & Mutations

You are small and have problems with some larger weapons.
You are completely attuned to the shadows.


Message History

The death yak is severely wounded.
The death yak gores you!
* * * LOW HITPOINT WARNING * * *
You hit the death yak but do no damage.
Lightning courses through the death yak!
The death yak is almost dead.
The death yak misses you.
You hit the death yak but do no damage.
Lightning courses through the death yak!
You kill the death yak!
You now have 1730 gold pieces (gained 19).
HP restored.
You now have 1739 gold pieces (gained 9).
Done exploring.
Done exploring.
Unknown command.
Unknown command.
Unknown command.
Unknown command.
Are you sure you want to abandon this character and quit the game? (Confirm with "yes".)

.........................##
..........................#
P######.#...##P.###..#...P#
## ###...##### ####...##
#########...#######.##....#
.........................##
.........................##
................>.........#
.######........>@........##
## #..................#
#.........[........# ##
####..................#
.###P##..................#
....=....................#
.........................#
.........................#
############.#############


There were no monsters in sight!

Vanquished Creatures
  2 death yaks (Lair:1)
  4 cane toads (Lair:1)
  A torpor snail (Lair:1)
  A gargoyle (D:11)
  A hornet (D:10)
  5 wyverns
  A basilisk (Lair:1)
  14 yaks
  5 water moccasins
  3 ice beasts
  4 black bears
  5 phantoms
  5 orc warriors
  4 sky beasts
  3 centaurs
  6 ogres
  6 bullfrogs
  A gnoll sergeant (D:5)
  4 scorpions
  6 killer bees (D:8)
  10 wights
  A centaur zombie (D:11)
  A quasit (D:5)
  10 hounds
  A jelly (D:6)
  8 orc wizards
  6 orc priests
  2 bullfrog skeletons
  Jessica (D:3)
  A centaur skeleton (D:6)
  3 iguanas
  5 worker ants
  2 killer bee zombies
  A hound zombie (D:6)
  A howler monkey zombie (D:9)
  A worker ant zombie (D:5)
  Robin (D:2)
  15 adders
  3 shadow imps
  3 white imps
  2 ufetubi
  An ooze (D:3)
  An adder zombie (D:7)
  An adder skeleton (D:6)
  7 worms
  A dart slug (D:2)
  12 leopard geckos
  24 orcs
  3 ball pythons
  13 giant cockroaches
  8 hobgoblins
  5 jackals
  6 quokkas
  8 bats
  5 frilled lizards
  15 goblins
  A jackal zombie (D:8)
  11 kobolds
  A quokka skeleton (D:6)
  2 quokka zombies
  8 rats
292 creatures vanquished.

Vanquished Creatures (others)
  2 fungi
  4 plants (Lair:1)
6 creatures vanquished.

Grand Total: 298 creatures vanquished

Notes
Turn   | Place    | Note
-------+----------+-------------------------------------------
     0 | D:1      | jalala the Kobold Hunter began the quest for the Orb.
     0 | D:1      | Reached XP level 1. HP: 12/12 MP: 1/1
   319 | D:1      | Reached skill level 5 in Crossbows
   345 | D:1      | Reached XP level 2. HP: 5/18 MP: 2/2
  1499 | D:2      | Reached XP level 3. HP: 22/22 MP: 3/3
  1506 | D:2      | You fall into a shaft and drop 2 floors!
  1507 | D:4      | Noticed a phantom
  1520 | D:4      | Killed a phantom
  1520 | D:4      | Reached skill level 6 in Crossbows
  1520 | D:4      | Reached XP level 4. HP: 20/28 MP: 4/4
  1520 | D:4      | Reached XP level 5. HP: 23/32 MP: 5/5
  1615 | D:4      | Reached skill level 7 in Crossbows
  1985 | D:4      | Noticed an ogre
  2207 | D:3      | Noticed a phantom
  2268 | D:2      | Found a basalt altar of Yredelemnul.
  2362 | D:2      | Reached XP level 6. HP: 38/38 MP: 6/6
  3466 | D:3      | Noticed Robin
  3506 | D:3      | Reached skill level 1 in Armour
  3822 | D:2      | Killed Robin
  4019 | D:3      | Reached XP level 7. HP: 40/44 MP: 7/7
  4068 | D:3      | Reached skill level 8 in Crossbows
  4718 | D:3      | Noticed Jessica
  4722 | D:3      | Killed Jessica
  5141 | D:4      | You fall into a shaft and drop 1 floor!
  5141 | D:5      | Entered Level 5 of the Dungeon
  5290 | D:5      | Reached skill level 5 in Fighting
  5290 | D:5      | Reached XP level 8. HP: 30/49 MP: 8/8
  5903 | D:4      | Reached skill level 9 in Crossbows
  6019 | D:4      | Found a shadowy altar of Dithmenos.
  6019 | D:4      | Found a white marble altar of Elyvilon.
  6019 | D:4      | Found a basalt altar of Yredelemnul.
  6108 | D:4      | Found Zegaha Wacsu's Antique Armour Shop.
  6113 | D:4      | Bought a pair of glowing boots for 172 gold pieces
  6123 | D:4      | Identified a +2 pair of boots of running (You bought it in
                  | a shop on level 4 of the Dungeon)
  6403 | D:4      | Found a sparkling altar of Nemelex Xobeh.
  6412 | D:4      | Found a radiant altar of Vehumet.
  6513 | D:5      | HP: 1/49 [orc warrior/+0 falchion (19)]
  7275 | D:5      | Reached skill level 5 in Dodging
  7323 | D:5      | Reached XP level 9. HP: 44/55 MP: 9/9
  7426 | D:5      | Found a staircase to the Ecumenical Temple.
  7437 | Temple   | Entered the Ecumenical Temple
  7819 | D:5      | Reached skill level 10 in Crossbows
  8183 | Temple   | Became a worshipper of Gozag Ym Sagoz the Greedy
  8268 | D:5      | HP: 2/55 [orc warrior/+0 mace (15)]
 10000 | D:6      | Found Okarep's Armour Emporium.
 10833 | D:7      | Reached XP level 10. HP: 63/63 MP: 10/10
 11579 | D:8      | Reached skill level 5 in Armour
 11882 | D:8      | Reached skill level 11 in Crossbows
 12329 | D:8      | Found an ornate altar of the Wu Jian Council.
 12966 | D:9      | Found a blossoming altar of Fedhas.
 12970 | D:9      | Found a sacrificial altar of Ru.
 12971 | D:9      | Found a shimmering altar of Xom.
 12972 | D:9      | Found a glowing silver altar of Zin.
 12987 | D:9      | Found a glowing golden altar of the Shining One.
 13405 | D:10     | Entered Level 10 of the Dungeon
 13940 | D:10     | Noticed Gastronok
 14187 | D:10     | Reached XP level 11. HP: 66/69 MP: 11/11
 14619 | D:10     | Reached skill level 12 in Crossbows
 14648 | D:10     | Found a staircase to the Lair.
 15481 | D:10     | Reached skill level 5 in Short Blades
 16542 | D:11     | Noticed a cyclops
 16618 | Lair:1   | Entered Level 1 of the Lair of Beasts
 17782 | Lair:1   | Reached skill level 13 in Crossbows
 18027 | Lair:2   | Noticed a death yak
 18034 | Lair:2   | Noticed a death yak
 18310 | Lair:1   | Killed a death yak
 18310 | Lair:1   | Reached XP level 12. HP: 53/76 MP: 12/12
 18619 | Lair:1   | Killed a death yak
 18900 | Lair:1   | Quit the game

Illustrated notes

Levels and vault maps discovered:
D:1:      saegor_arrival_simple_b, layout_basic
D:2:      layout_rooms, yredelemnul_altar_generic
D:3:      layout_loops_ring, kennysheep_generic_room_5, uniq_robin, uniq_jessica
D:4:      layout_loops_cross, gammafunk_temple_overflow_claw,
          amethyst_overflow_temple_binary, serial_shops, shop
D:5:      layout_basic, minmay_temple_entry_trees, sword_in_stone
D:6:      layout_gridville, nicolae_ossuary_entry_plus, serial_shops,
          nicolae_shop_crystal
D:7:      layout_rooms, nicolae_underground_beach
D:8:      layout_cave_pods, kennysheep_mini
D:9:      layout_gridville, chequers_temple_overflow_minitemple
D:10:     layout_gridville, lair_entry_dummy, billiards_dpeg, uniq_gastronok
D:11:     lemuel_slime, layout_cave_pods, uniq_psyche
Temple:   minmay_temple_curvy_loop
Lair:1:   layout_long_grid
Lair:2:   layout_cave_pods, minmay_swamp_entry_eels, tgw_fedhas,
          serial_bayou_shore_b, infiniplex_staircase_pool

Skill      XL: |  1  2  3  4  5  6  7  8  9 10 11 |
---------------+----------------------------------+-----
Crossbows      | 5 6 7 8 9 10 11 13 | 13.3
Fighting       | 3 4 5 7 8 9 |  9.8
Armour         | 1 2 3 4 6 7 |  7.4
Dodging        | 3 4 5 6 8 9 |  9.6
Short Blades   | 4 5 |  5.0
Stealth        | |  1.3

Action                   |  1- 3 |  4- 6 |  7- 9 | 10-12 || total
-------------------------+-------+-------+-------+-------++-------
Melee: Short sword       |    93 |   235 |   123 |       ||   451
       Flail             |       |       |    15 |       ||    15
       Dagger            |       |       |   331 |   753 ||  1084
 Fire: Hand crossbow     |    13 |    57 |   106 |   129 ||   305
       Arbalest          |       |       |       |     1 ||     1
Throw: Dart              |       |     2 |    11 |     3 ||    16
  Use: Potion            |       |     1 |       |       ||     1
       Scroll            |       |     2 |     9 |     8 ||    19
 Stab: Sleeping          |       |     3 |     8 |       ||    11
       Distracted        |       |       |       |     3 ||     3
Armor: Ring mail         |    29 |       |       |       ||    29
       Scale mail        |    14 |   133 |    72 |       ||   219
       Leather armour    |       |       |    26 |       ||    26
       Chain mail        |       |       |    94 |   289 ||   383
Dodge: Dodged            |    84 |   216 |   320 |   454 ||  1074

Table legend: (Time is in decaauts)
 A = Elapsed time spent in this place.
 B = Non-inter-level travel time spent in this place.
 C = Inter-level travel time spent in this place.
 D = Time resting spent in this place.
 E = Time spent auto-exploring this place.
 F = Levels seen in this place.
 G = Mean time per level.
                   A        B        C        D        E       F      G
               +--------+--------+--------+--------+--------+-----+--------+
         Total |  18079 |  17494 |    585 |   4025 |   9833 |  14 | 1291.4 |
       Dungeon |  15557 |  15098 |    459 |   3961 |   8046 |  11 | 1414.3 |
        Temple |    390 |    283 |    107 |      0 |    279 |   1 |  390.0 |
          Lair |   2131 |   2113 |     18 |     64 |   1507 |   2 | 1065.5 |
               +--------+--------+--------+--------+--------+-----+--------+

Top non-repeatable levels by time:
    D:10: 2228 daAuts
  Lair:1: 2091 daAuts
     D:4: 1933 daAuts
     D:5: 1834 daAuts
     D:3: 1766 daAuts
     D:6: 1536 daAuts
     D:1: 1503 daAuts
     D:8: 1267 daAuts
     D:2: 1062 daAuts
     D:9: 894 daAuts
     D:7: 810 daAuts
    D:11: 720 daAuts
  Temple: 390 daAuts
  Lair:2: 39 daAuts
